 Dungeon Crawl Stone Soup version 0.28-a0-258-g8de209e91f (webtiles) character file.

Game seed: 14253848207919458520

273 SkeletonJelly the Cudgeller (level 6, 0/62 HPs)
             Began as an Ogre Berserker on Aug 26, 2021.
             Was a Believer of Trog.
             Slain by a kobold brigand (4 damage)
             ... on level 3 of the Dungeon.
             The game lasted 00:06:01 (2852 turns).

SkeletonJelly the Cudgeller (Ogre Berserker)        Turns: 2852, Time: 00:06:01

Health: 0/62       AC:  3    Str: 24    XL:     6   Next: 23%
Magic:  6/6        EV: 10    Int:  8    God:    Trog [**....]
Gold:   70         SH:  0    Dex:  8    Spells: 5/5 levels left

rFire   . . .      SeeInvis .   l - +0 flail
rCold   . . .      Faith    .   (no shield)
rNeg    . . .      Spirit   .   b - +0 animal skin
rPois   .          Reflect  .   (helmet restricted)
rElec   .          Harm     .   (no cloak)
rCorr   .          Rampage  .   (gloves unavailable)
Will    .....                   (boots unavailable)
Stlth   +.........              c - amulet of the acrobat
HPRegen 0.20/turn               (no ring)
MPRegen 0.10/turn               (no ring)

@: on berserk cooldown
A: large, unfitting armour, tough skin 1
a: Renounce Religion, Berserk, Trog's Hand


You were on level 3 of the Dungeon.
You worshipped Trog.
Trog was pleased with you.
You visited 1 branch of the dungeon, and saw 3 of its levels.

You collected 70 gold pieces.

Inventory:

Hand Weapons
 a - a +0 mace
 l - a +0 flail (weapon)
 n - a +0 giant club
Armour
 b - a +0 animal skin (worn)
Jewellery
 c - an amulet of the acrobat (around neck)
Wands
 o - a wand of acid (5)
Scrolls
 d - a scroll of silence {unknown}
 e - a scroll of fear {unknown}
 g - a scroll of amnesia {unknown}
 h - 2 scrolls of enchant armour {unknown}
 m - a scroll of magic mapping {unknown}
 p - a scroll of fog {unknown}
Potions
 f - a potion of haste {unknown}
 i - a potion of curing
 j - a potion of heal wounds {unknown}
 k - a potion of invisibility


   Skills:
 - Level 4.0 Fighting
 + Level 6.2 Maces & Flails
 - Level 2.6 Dodging


You had 5 spell levels left.
You didn't know any spells.
Your spell library was empty.

Dungeon Overview and Level Annotations

Branches:
Dungeon (3/15)

Altars:


Innate Abilities, Weirdness & Mutations

You are too large for most types of armour.
You have tough skin. (AC +1)


Message History

No target in view!
No target in view!
A kobold brigand comes into view.
It is wielding a +0 club and quivering poisoned darts.
You regained 2 hp, and now have 45/54 hp.
A kobold brigand is nearby!
A kobold brigand is nearby!
A kobold brigand is nearby!
The kobold brigand shouts!
You see here a frilled lizard corpse.
The kobold brigand barely misses you.
You sock the kobold brigand!
The kobold brigand is heavily wounded.
The kobold brigand hits you with a +0 club.
You take 3 damage, and have 42/54 hp.
You barely miss the kobold brigand.
The kobold brigand is heavily wounded.
The kobold brigand hits you with a +0 club.
You barely miss the kobold brigand.
The kobold brigand is heavily wounded.
The kobold brigand closely misses you.
You closely miss the kobold brigand.
The kobold brigand is heavily wounded.
The kobold brigand hits you but does no damage.
You hit the kobold brigand.
The kobold brigand is severely wounded.
The kobold brigand hits you with a +0 club.
You take 5 damage, and have 37/54 hp.
You closely miss the kobold brigand.
The kobold brigand is severely wounded.
The kobold brigand hits you with a +0 club.
You take 5 damage, and have 32/54 hp.
You hit the kobold brigand but do no damage.
The kobold brigand is severely wounded.
The kobold brigand closely misses you.
You barely miss the kobold brigand.
The kobold brigand is heavily wounded.
The kobold brigand hits you with a +0 club!
The kobold brigand hits you with a +0 club.
You take 9 damage, and have 24/54 hp.
You are too injured to fight recklessly!
You are too injured to fight recklessly!
You are too injured to fight recklessly!
You are too injured to fight recklessly!
You are too injured to fight recklessly!
You are too injured to fight recklessly!
You are too injured to fight recklessly!
A red film seems to cover your vision as you go berserk!
You feel yourself moving faster!
You feel mighty!
The kobold brigand hits you with a +0 club.
You now have 34/81 hp.
You thump the kobold brigand!
The kobold brigand is almost dead.
You hit the kobold brigand.
You kill the kobold brigand!
Trog accepts your kill.
Your Maces & Flails skill increases to level 6!
You have reached level 6!
Your experience leads to an increase in your attributes!
Increase (S)trength, (I)ntelligence, or (D)exterity?
You feel stronger. x2
You regained 6 hp, and now have 40/93 hp.
MP restored: 6 You start resting.
You feel a strong urge to attack something.
You start resting.
You feel your anger nearly subside.
You are no longer berserk.
You are exhausted.
You feel yourself slow down.
You now have 27/62 hp.
You start resting.
A kobold brigand comes into view.
It is wielding a +0 dagger of speed and quivering poisoned darts.
You regained 6 hp, and now have 33/62 hp.
A kobold brigand is nearby!
The kobold brigand shouts!
The kobold brigand throws a poisoned dart.
The poisoned dart closely misses you.
You see here a frilled lizard corpse.
The kobold brigand closely misses you. x2
You closely miss the kobold brigand.
The kobold brigand hits you with a +0 dagger of speed.
The kobold brigand hits you with a +0 dagger of speed!
You take 10 damage, and have 24/62 hp.
You hit the kobold brigand.
The kobold brigand is lightly wounded.
You feel yourself speed up.
The kobold brigand hits you with a +0 dagger of speed!
* * * LOW HITPOINT WARNING * * *
The kobold brigand hits you with a +0 dagger of speed!
* * * LOW HITPOINT WARNING * * *
The kobold brigand hits you but does no damage.
You take 15 damage, and have 9/62 hp.
MASSIVE DAMAGE!!
You closely miss the kobold brigand.
The kobold brigand is lightly wounded.
The kobold brigand hits you with a +0 dagger of speed.
* * * LOW HITPOINT WARNING * * *
You take 5 damage, and have 4/62 hp.
You barely miss the kobold brigand.
The kobold brigand is lightly wounded.
The kobold brigand hits you with a +0 dagger of speed.
You die...

##### .... # #.. ..# #)#
#.#### # #. #.#......#
#. #.
#######.#.##.#.#####K##.
.......†............ ..>
#######@#......... #..
##K#####..#######..
#..).)..........#..
#.)######..####.#). #..#
##.##....#. #..#
#.##..).#. #..#
#..#....#. #..#
##.#....#. ##..
#^.......


You could see a kobold brigand.

Vanquished Creatures
  An ogre (D:3)
  A kobold brigand (D:3)
  Natasha (D:2)
  An orc wizard (D:3)
  An adder (D:2)
  A worm (D:2)
  3 dart slugs
  4 orcs (D:3)
  A ball python (D:3)
  5 endoplasms
  A giant cockroach (D:2)
  4 goblins
  3 hobgoblins
  3 quokkas
  5 bats
  6 frilled lizards
  9 kobolds
  3 rats
53 creatures vanquished.

Notes
Turn   | Place    | Note
-------+----------+-------------------------------------------
     0 | D:1      | SkeletonJelly the Ogre Berserker began the quest for the
                  | Orb.
     0 | D:1      | Reached XP level 1. HP: 24/24 MP: 1/1
   119 | D:1      | Reached skill level 3 in Maces & Flails
   191 | D:1      | Reached XP level 2. HP: 18/32 MP: 2/2
  1074 | D:2      | Reached XP level 3. HP: 39/39 MP: 3/3
  1325 | D:2      | Found a faded altar of an unknown god.
  1467 | D:2      | Reached skill level 4 in Maces & Flails
  1904 | D:2      | Noticed Natasha
  1912 | D:2      | Killed Natasha
  1913 | D:2      | Reached XP level 4. HP: 48/48 MP: 4/4
  2416 | D:3      | Reached ** piety under Trog
  2434 | D:3      | Reached skill level 5 in Maces & Flails
  2646 | D:3      | Noticed an ogre
  2651 | D:3      | Killed an ogre
  2652 | D:3      | Reached XP level 5. HP: 29/54 MP: 5/5
  2806 | D:3      | Noticed a kobold brigand
  2820 | D:3      | Killed a kobold brigand
  2821 | D:3      | Reached skill level 6 in Maces & Flails
  2821 | D:3      | Reached XP level 6. HP: 40/62 MP: 6/6
  2852 | D:3      | Slain by a kobold brigand

Illustrated notes

Levels and vault maps discovered:
D:1:      dpeg_arrival_stone_temple_mockup, layout_basic
D:2:      layout_loops_corners, hellmonk_ecumenical_altar_blasted, uniq_natasha
D:3:      cheibrodos_thug_alley, layout_basic

Skill      XL: |  1  2  3  4  5 |
---------------+----------------+-----
Maces & Flails | 3 4 5 6 |  6.2
Fighting       | |  4.0
Dodging        | |  2.6

Action                   |  1- 3 |  4- 6 || total
-------------------------+-------+-------++-------
Melee: Mace              |    97 |    16 ||   113
       Flail             |       |    58 ||    58
Invok: Berserk           |     3 |     3 ||     6
       Trog's Hand       |       |     1 ||     1
  Use: Potion            |       |     2 ||     2
Armor: Animal skin       |    22 |    17 ||    39
Dodge: Dodged            |    74 |    50 ||   124

Table legend: (Time is in decaauts)
 A = Elapsed time spent in this place.
 B = Non-inter-level travel time spent in this place.
 C = Inter-level travel time spent in this place.
 D = Time resting spent in this place.
 E = Time spent auto-exploring this place.
 F = Levels seen in this place.
 G = Mean time per level.
                   A        B        C        D        E       F      G
               +--------+--------+--------+--------+--------+-----+--------+
         Total |   2938 |   2839 |     99 |     82 |   2292 |   3 |  979.3 |
       Dungeon |   2938 |   2839 |     99 |     82 |   2292 |   3 |  979.3 |
               +--------+--------+--------+--------+--------+-----+--------+

Top non-repeatable levels by time:
     D:2: 1225 daAuts
     D:1: 856 daAuts
     D:3: 856 daAuts
